Cogmind - Beta 16 @@@ ROGUE MODE // 2026.01.14 @ 00:35:24 Player: Satori Result: Escaped! Performance ------------- Evolutions (9) 4500 Regions Visited (25) 5000 Robots Destroyed (177) 885 Value Destroyed (11561) 11561 Prototype IDs (45) 900 Alien Tech Used (0) 0 Bonus (15356) 15356 TOTAL SCORE: 38202 Bonus ------- High Alert Combat Kills 869 Follower Combat Kills 5787 Entered Garrisons 1600 Used RIF Installer 4000 Aligned with FarCom 300 Win 3000 Friendly Fire -200 Cogmind --------- Core Integrity 1565/1600 Matter 107/300 Energy 3/100 System Corruption 12% Temperature Cool (10) Movement Treading (161) Location To Epsilon Eridani Parts ------- > --- POWER (1) -------- (None) > --- PROPULSION (6) --- Armored Medium Treads Armored Heavy Treads Advanced Heavy Treads Wheel > --- UTILITY (14) ----- Experimental Heat Sink Huge Storage Unit Experimental Optical Array Advanced Signal Interpreter Advanced Force Field Relay Coupler [NC] (14) Relay Coupler [Swarmer] (43) Relay Coupler [Grunt] (4) Relay Coupler [Sentry] (32) Relay Coupler [Hunter] (1) Relay Coupler [Behemoth] (3) Relay Coupler [Proto] (15) > --- WEAPON (4) ------- Quantum Rifle Enhanced Hardcell Cannon Enhanced Hardcell Cannon Enhanced Force Lance > --- INVENTORY (25) --- Light Antimatter Reactor Advanced Matter Compressor (400) Relay Coupler [NC] (38) Relay Coupler [NC] (32) Relay Coupler [Swarmer] (39) Relay Coupler [Swarmer] (35) Relay Coupler [Swarmer] (38) Relay Coupler [Cutter] (32) Relay Coupler [Cutter] (44) Relay Coupler [Grunt] (45) Relay Coupler [Brawler] (36) Relay Coupler [Duelist] (41) Relay Coupler [Sentry] (33) Relay Coupler [Sentry] (26) Relay Coupler [Demolisher] (45) Relay Coupler [Specialist] (27) High-powered Tractor Beam PSU Rigger Enhanced Quantum Rifle Enhanced Nova Cannon Gamma Bomb Array Improved Remote Datajack Advanced Remote Datajack Powered Hammer Peak State ------------ > --- POWER ------------ Improved Quantum Reactor > --- PROPULSION ------- Heavy Siege Treads Armored Heavy Treads Advanced Heavy Treads > --- UTILITY ---------- Experimental Heat Sink Huge Storage Unit Experimental Optical Array Advanced Signal Interpreter Advanced Force Field Relay Coupler [NC] Relay Coupler [NC] Relay Coupler [Swarmer] Relay Coupler [Grunt] Relay Coupler [Sentry] Relay Coupler [Sentry] Relay Coupler [Hunter] Relay Coupler [Behemoth] Relay Coupler [Proto] > --- WEAPON ----------- Quantum Rifle Enhanced Hardcell Cannon Enhanced Hardcell Cannon Enhanced Force Lance > --- INVENTORY -------- Quantum Reactor Armored Medium Treads Advanced Matter Compressor Relay Coupler [NC] Relay Coupler [NC] Relay Coupler [Swarmer] Relay Coupler [Swarmer] Relay Coupler [Swarmer] Relay Coupler [Cutter] Relay Coupler [Cutter] Relay Coupler [Grunt] Relay Coupler [Brawler] Relay Coupler [Duelist] Relay Coupler [Sentry] Relay Coupler [Sentry] Relay Coupler [Demolisher] Relay Coupler [Specialist] High-powered Tractor Beam PSU Rigger Enhanced Quantum Rifle Enhanced Nova Cannon Gamma Bomb Array Improved Remote Datajack Advanced Remote Datajack Powered Hammer [Rating: 167] Favorites ----------- Power Improved Quantum Reactor Engine Deuterium Engine Power Core Micro Nuclear Core Reactor Improved Quantum Reactor Propulsion Light Treads Treads Light Treads Wheel Armored Huge Wheel Utility Huge Storage Unit Device Seismic Detector Storage Huge Storage Unit Processor Experimental Targeting Computer Hackware Relay Coupler [Sentry] Protection Hardened Medium Armor Plating Weapon Gauss Rifle Energy Gun Quantum Rifle Energy Cannon Heavy Particle Cannon Ballistic Gun Gauss Rifle Ballistic Cannon Heavy Linear Accelerator Launcher Heavy Rocket Launcher Special Weapon Remote Datajack Impact Weapon Powered Hammer Slashing Weapon Makeshift Sword Piercing Weapon Enhanced Force Lance Special Melee Weapon Improved Datajack Build | -11 -10 -10 -9 -9 -9 -8 -8 -8 -8 -8 -7 -7 -7 -7 -6 -5 -5 -4 -4 -3 -3 -3 -3 -2 -1 ------- Run | Yrd Mat Min Mat Min Exi Min Mat Gar Mat Gar Fac Gar Fac Gar Fac Fac Gar Fac Gar Res Gar Res Gar Res Acc Slots Evolved 18 | . . . 2 . . . 2 . . . 2 . . . 2 2 . 2 . 2 . . . 2 2 Power . | . . . . . . . . . . . . . . . . . . . . . . . . . . Propulsion 4 | . . . 1 . . . 1 . . . . . . . 1 1 . . . . . . . . . Utility 12 | . . . . . . . 1 . . . 2 . . . 1 1 . 1 . 2 . . . 2 2 Weapon 2 | . . . 1 . . . . . . . . . . . . . . 1 . . . . . . . Parts Attached 212 | 7 . 4 5 1 1 2 9 5 6 15 18 6 3 12 22 9 26 1 10 6 15 2 18 2 7 Power 11 | 1 . 1 . . . 1 . . 1 . . . . 1 1 . 4 . . . . 1 . . . Engine 5 | 1 . 1 . . . 1 . . 1 . . . . . . . 1 . . . . . . . . Core 3 | . . . . . . . . . . . . . . 1 . . 2 . . . . . . . . Reactor 3 | . . . . . . . . . . . . . . . 1 . 1 . . . . 1 . . . Propulsion 50 | 2 . . 1 1 1 . 4 1 5 3 2 1 . 1 7 4 8 . . 3 . 1 3 . 2 Treads 39 | 2 . . 1 1 1 . 3 1 5 3 1 . . 1 4 1 7 . . 3 . 1 3 . 1 Leg . | . . . . . . . . . . . . . . . . . . . . . . . . . . Wheel 11 | . . . . . . . 1 . . . 1 1 . . 3 3 1 . . . . . . . 1 Hover . | . . . . . . . . . . . . . . . . . . . . . . . . . . Flight . | . . . . . . . . . . . . . . . . . . . . . . . . . . Utility 103 | 2 . 1 2 . . . 2 2 . 8 12 4 1 7 12 3 9 . 7 3 12 . 12 2 2 Device 12 | 1 . 1 . . . . 1 . . . 1 1 . . 2 . 1 . 2 . . . 1 1 . Storage 4 | 1 . . 1 . . . . 1 . . 1 . . . . . . . . . . . . . . Processor 6 | . . . . . . . . . . . . . . . 2 . 2 . . . . . 1 1 . Hackware 70 | . . . . . . . . 1 . 8 8 2 1 6 6 2 6 . 4 3 11 . 10 . 2 Protection 11 | . . . 1 . . . 1 . . . 2 1 . 1 2 1 . . 1 . 1 . . . . Artifact . | . . . . . . . . . . . . . . . . . . . . . . . . . . Weapon 48 | 2 . 2 2 . . 1 3 2 . 4 4 1 2 3 2 2 5 1 3 . 3 . 3 . 3 Energy Gun 2 | . . . . . . . 1 . . . . . . . . . . . . . . . 1 . . Energy Cannon 1 | . . . 1 . . . . . . . . . . . . . . . . . . . . . . Ballistic Gun 19 | 2 . 1 1 . . 1 . 1 . 3 2 1 . 1 2 . 3 . 1 . . . . . . Ballistic Cannon 7 | . . . . . . . . . . . . . . . . . 1 . 1 . 2 . 1 . 2 Launcher 5 | . . 1 . . . . 1 . . . 1 . . 1 . . . . . . . . . . 1 Special Weapon 10 | . . . . . . . 1 . . 1 . . 1 1 . 2 1 1 1 . 1 . . . . Impact Weapon 1 | . . . . . . . . . . . . . 1 . . . . . . . . . . . . Slashing Weapon 1 | . . . . . . . . . . . 1 . . . . . . . . . . . . . . Piercing Weapon 1 | . . . . . . . . . . . . . . . . . . . . . . . 1 . . Special Melee Weapon 1 | . . . . . . . . 1 . . . . . . . . . . . . . . . . . Unidentified Prototypes 8 | . . . . . . . . . . . . . . . 1 1 4 . 1 . . . . . 1 Parts Lost 63 | . . 3 1 . . 2 4 . . 1 . 1 . 5 9 11 10 . . 2 1 1 9 . 3 Power 7 | . . 1 . . . 1 . . . . . . . 1 . 1 1 . . . . 1 . . 1 Propulsion 21 | . . . 1 . . . 2 . . . . . . 1 5 6 2 . . . . . 3 . 1 Utility 18 | . . 1 . . . . 1 . . . . 1 . 2 2 2 4 . . 1 1 . 2 . 1 Weapon 17 | . . 1 . . . 1 1 . . 1 . . . 1 2 2 3 . . 1 . . 4 . . Highest Loss Streak 7 | . . 2 1 . . 1 1 . . 1 . 1 . 2 4 7 5 . . 1 1 1 1 . 2 To Critical Strikes 1 | . . . . . . . . . . . . . . . . . . . . 1 . . . . . Average Backups 19 | 3 6 5 7 9 12 11 10 20 25 23 21 22 23 21 20 17 20 21 23 21 21 22 22 22 24 Power . | . 1 . . 1 2 1 . . . . . 1 1 1 2 2 1 1 1 1 1 . . . . Propulsion 1 | . 1 . 2 2 1 1 . 1 2 2 1 1 1 1 2 2 4 2 1 1 2 2 1 . . Utility 12 | . 1 . 1 2 2 4 4 14 18 16 14 13 16 14 10 7 7 13 15 15 15 15 17 19 17 Weapon 3 | 1 3 4 3 4 5 4 4 3 3 2 4 4 3 3 4 2 4 4 3 2 2 2 2 2 4 Tool/Special . | . . . . . . . . . . . . . . . . . . . . . . . . . . Unused Backups 64 | . 1 2 1 . 1 2 . 5 3 6 1 3 . 2 . . 3 . 5 3 6 . . . 20 Power 11 | . . . . . . 2 . . . . . 3 . 1 . . 1 . 1 . 1 . . . 2 Propulsion 7 | . . 1 1 . . . . . 2 . . . . . . . . . . 2 1 . . . . Utility 39 | . 1 . . . 1 . . 5 1 5 . . . 1 . . 1 . 4 1 4 . . . 15 Weapon 5 | . . 1 . . . . . . . . 1 . . . . . 1 . . . . . . . 2 Tool/Special 2 | . . . . . . . . . . 1 . . . . . . . . . . . . . . 1 Average Slot Usage (%) 89 | . 100 96 94 100 100 99 97 92 90 86 90 85 84 82 90 92 88 93 93 86 91 87 79 85 85 Engine 4 | . 14 14 11 11 11 10 9 9 9 9 7 7 7 . . . 2 . . . . . . . . Reactor 1 | . . . . . . . . . . . . . . . 4 4 . 5 5 4 4 3 4 4 4 Treads 24 | . 28 28 31 33 33 33 31 36 36 36 30 19 15 12 14 22 22 31 31 25 23 21 14 13 11 Wheel 2 | . . . . . . . 3 . . . . 4 7 7 11 10 5 . . . . . . . 1 Device 3 | . 14 13 9 10 11 10 10 1 . . 2 . . . . . 2 4 4 3 . 3 2 7 8 Storage 6 | . 14 14 11 11 11 11 9 9 9 9 7 7 7 7 6 5 5 5 5 4 4 4 4 4 4 Processor 2 | . . . . . . . . . . . . . . . 7 5 5 10 6 4 4 4 4 4 8 Hackware 16 | . . . . . . . . 7 9 6 17 8 10 11 16 11 22 21 23 23 33 33 33 34 32 Protection 2 | . . . 1 . . . 6 1 . . 1 12 11 11 5 11 1 . 1 4 . . . . . Energy Cannon 1 | . . . 4 . . . 6 9 9 . . . . . . . . . . . . . . . . Ballistic Gun 11 | . 28 21 25 32 33 32 12 9 9 19 15 18 13 11 6 4 2 5 5 4 4 4 . . . Ballistic Cannon 1 | . . . . . . . . . . . . . . . . . 2 5 5 3 3 4 3 4 5 Special Weapon 3 | . . . . . . . 1 . . 4 6 2 6 5 5 3 4 5 4 4 7 4 5 4 2 Peak Build Rating 167 | 7 8 8 12 12 13 15 21 26 31 35 48 55 57 59 58 69 107 114 122 136 139 140 140 156 167 Average Rating 67 | 5 7 7 10 11 12 12 18 23 27 31 44 50 56 53 52 58 81 113 118 130 133 138 128 154 159 On Entrance 58 | . 7 7 8 9 11 13 12 21 26 31 34 45 55 57 49 53 53 107 114 119 115 134 135 140 154 Avg Prop Armor Cover (%) 14 | . . . . . . . 17 . . . 4 8 7 7 13 19 24 . . . . . . . 1 Naked Turns . | . . . . . . . . . . . . . . . . . . . . . . . . . . Heaviest Build 153 | 15 15 16 35 29 29 33 46 56 60 60 114 126 124 122 119 119 130 137 149 153 138 132 129 143 152 Greatest Support 215 | 40 40 40 60 63 63 63 83 83 86 83 91 91 28 28 98 28 163 162 163 199 199 215 215 200 200 Greatest Overweight (x) 15 | . . . . . . . 4 . . . 1 4 4 4 9 9 4 . . . . . . . 15 Average Overweight (x) 1 | . . . . . . . 1 . . . . 2 4 3 2 3 3 . . . . . . . . Largest Inventory Capacity 25 | 8 8 8 15 15 15 15 15 25 25 25 25 25 25 25 25 25 25 25 25 25 25 25 25 25 25 Average Capacity 22 | 7 8 8 12 15 15 15 15 22 25 25 25 25 25 25 25 25 25 25 25 25 25 25 25 25 25 Most Carried 25 | 6 8 8 11 11 15 15 15 25 25 25 25 25 25 25 25 25 25 23 25 25 25 25 25 25 25 Average Carried 20 | 4 6 7 8 10 13 13 12 20 24 24 23 23 24 23 20 18 21 22 24 22 24 24 23 22 24 Final Capacity 25 | 8 8 8 15 15 15 15 15 25 25 25 25 25 25 25 25 25 25 25 25 25 25 25 25 25 25 Final Carried 25 | 6 7 5 11 11 15 12 14 25 25 25 22 25 25 22 16 23 24 22 25 25 25 24 23 25 24 Class Distribution -------------------- 16% | Bothacker-Skirmisher 15% | Bothacker-Mutant 13% | Botlord-Skirmisher 13% | Botlord-Tank 9% | Botlord-Mutant 7% | Bothacker-Tank 6% | Gunner 5% | Botlord-Gunner 5% | Scavenger-Skirmisher 5% | Mutant Dominant Class ---------------- Mutant | -10/Materials Mutant | -10/Mines Gunner | -9/Materials Gunner | -9/Mines Gunner | -9/Exiles Skirmisher | -8/Mines Scavenger-Skirmisher | -8/Materials Bothacker-Mutant | -8/Garrison Bothacker-Mutant | -8/Materials Bothacker-Skirmisher | -8/Garrison Bothacker-Skirmisher | -7/Factory Bothacker-Tank | -7/Garrison Bothacker-Tank | -7/Factory Botlord-Mutant | -7/Garrison Botlord-Mutant | -6/Factory Bothacker-Mutant | -5/Factory Botlord-Skirmisher | -5/Garrison Botlord-Gunner | -4/Factory Botlord-Skirmisher | -4/Garrison Botlord-Tank | -3/Research Botlord-Tank | -3/Garrison Botlord-Gunner | -3/Research Botlord-Skirmisher | -3/Garrison Botlord-Tank | -2/Research Botlord-Tank | -1/Access Resources | -11 -10 -10 -9 -9 -9 -8 -8 -8 -8 -8 -7 -7 -7 -7 -6 -5 -5 -4 -4 -3 -3 -3 -3 -2 -1 ----------- Run | Yrd Mat Min Mat Min Exi Min Mat Gar Mat Gar Fac Gar Fac Gar Fac Fac Gar Fac Gar Res Gar Res Gar Res Acc Matter Collected 10732 | 287 40 152 247 157 40 114 274 71 80 890 963 340 330 1043 604 223 1026 . 434 256 959 458 1417 52 275 Remotely 419 | . . . . . . . . . . . . . . . 32 . 94 . . . . . 293 . . Salvage Created 5976 | 125 40 107 269 160 . 155 488 . . 313 606 211 44 362 334 403 488 . 207 55 215 420 414 36 524 Parts 336 | 16 3 8 20 13 . 13 24 . . 25 30 15 3 34 21 20 10 . 12 1 18 12 15 . 23 Haulers Intercepted 2 | . . . 1 . . . 1 . . . . . . . . . . . . . . . . . . Recyclers Shooed 6 | 1 . . . 1 . . 1 . . . 1 . . . 1 . . . . . . 1 . . . Parts Field Recycled . | . . . . . . . . . . . . . . . . . . . . . . . . . . Retrieved Matter . | . . . . . . . . . . . . . . . . . . . . . . . . . . Parts Self-Destructed . | . . . . . . . . . . . . . . . . . . . . . . . . . . Prevented . | . . . . . . . . . . . . . . . . . . . . . . . . . . Parts Restored . | . . . . . . . . . . . . . . . . . . . . . . . . . . Kills | -11 -10 -10 -9 -9 -9 -8 -8 -8 -8 -8 -7 -7 -7 -7 -6 -5 -5 -4 -4 -3 -3 -3 -3 -2 -1 ------- Run | Yrd Mat Min Mat Min Exi Min Mat Gar Mat Gar Fac Gar Fac Gar Fac Fac Gar Fac Gar Res Gar Res Gar Res Acc Combat Hostiles Destroyed 147 | . 1 13 7 6 . 4 14 . . 9 10 10 1 18 9 5 10 . 4 . 4 4 10 1 7 Melee 5 | . . . . . . . 1 . . . 2 . . 1 . 1 . . . . . . . . . Guns 48 | . 1 1 7 3 . 4 3 . . 7 5 3 1 4 3 . 2 . 1 . 1 . 1 . 1 Cannons 32 | . . . . . . . 3 . . . . . . . . . 6 . 3 . 3 4 9 1 3 AOE 60 | . . 12 . 3 . . 7 . . 2 3 7 . 13 6 3 2 . . . . . . . 2 Classes Destroyed 19 | 2 1 3 1 1 . 1 3 . . 2 . 1 . . . 1 1 . . . . 1 1 . . Worker 8 | . . 1 . . . . . . . . 4 . . . 1 1 . . . . . 1 . . . Builder 4 | . . . . 1 . . . . . . . . . . . 2 . . . . . 1 . . . Tunneler 6 | 4 . . . 1 . . 1 . . . . . . . . . . . . . . . . . . Hauler 2 | . . . 1 . . . 1 . . . . . . . . . . . . . . . . . . Recycler 10 | 1 . . . . . . 1 . . . 4 . . . 1 2 . . . . . 1 . . . Mechanic 2 | . . . . . . . . . . . . . . . . . . . . . . . 1 . 1 Operator 1 | . . . . . . . 1 . . . . . . . . . . . . . . . . . . Watcher 3 | . . . . . . . 1 . . . 1 . . . . . 1 . . . . . . . . Swarmer 57 | . . 3 3 3 . 1 6 . . 2 6 7 . 14 6 . 3 . . . . . 3 . . Cutter 5 | . . . . . . . . . . 2 . . . . . 3 . . . . . . . . . Grunt 41 | . 1 2 4 3 . 2 7 . . . 2 2 . 3 1 1 6 . 2 . . 1 4 . . Brawler 1 | . . . . . . . . . . . . 1 . . . . . . . . . . . . . Duelist 1 | . . . . . . 1 . . . . . . . . . . . . . . . . . . . Sentry 6 | . . . . . . . 1 . . 4 1 . . . . . . . . . . . . . . Hunter 5 | . . . . . . . . . . . . . . . . 1 . . . 1 . . . 1 2 Programmer 23 | . . . . . . . . . . 1 1 . 1 2 2 . . . 2 . 4 2 3 . 5 Behemoth 1 | . . . . . . . . . . . . . . . . . . . . . . 1 . . . Striker 1 | . . . . . . . . . . . . . . . . . 1 . . . . . . . . Assembled 8 | . . 8 . . . . . . . . . . . . . . . . . . . . . . . Best Kill Streak 9 | 3 1 8 4 5 . 3 9 . . 5 7 4 1 5 4 6 3 . 1 . 2 4 3 1 3 Combat Bots Only 8 | . 1 8 4 3 . 3 8 . . 5 3 4 1 5 4 3 3 . 1 . 2 2 3 1 3 Max Kills in Single Turn 4 | 1 1 3 1 4 . 1 3 . . 2 3 2 1 3 2 4 1 . 1 1 1 1 1 1 2 Gunslinging . | . . . . . . . . . . . . . . . . . . . . . . . . . . Exploded 3 | . . 3 . 2 . . 3 . . 1 2 2 . 3 2 2 1 . . . . . . . 1 Melee 1 | . . . . . . . 1 . . . 1 . . 1 . 1 . . . . . . . . . Uniques/NPCs Destroyed . | . . . . . . . . . . . . . . . . . . . . . . . . . . Combat | -11 -10 -10 -9 -9 -9 -8 -8 -8 -8 -8 -7 -7 -7 -7 -6 -5 -5 -4 -4 -3 -3 -3 -3 -2 -1 -------- Run | Yrd Mat Min Mat Min Exi Min Mat Gar Mat Gar Fac Gar Fac Gar Fac Fac Gar Fac Gar Res Gar Res Gar Res Acc Hostile Shots Fired 1211 | . 9 27 22 18 . 27 78 . 6 40 200 46 35 125 103 74 82 . 31 22 44 45 118 3 56 Missed 373 | . 1 7 4 9 . 10 17 . 1 11 76 20 10 25 28 22 26 . 8 7 15 16 41 . 19 Hits 838 | . 8 20 18 9 . 17 61 . 5 29 124 26 25 100 75 52 56 . 23 15 29 29 77 3 37 Melee 17 | . . 7 . . . 1 . . . 2 . 3 . . . 1 3 . . . . . . . . Projectile 821 | . 8 13 18 9 . 16 61 . 5 27 124 23 25 100 75 51 53 . 23 15 29 29 77 3 37 AOE 6 | . . . . . . . . . . 1 . . . . . 1 4 . . . . . . . . Critical Strikes 30 | . . . . . . . 3 . . 2 . 1 1 2 4 . 6 . . 1 . 2 4 1 3 Part Disruptions 3 | . . . . . . . . . . . 1 . . . . . . . . . . . 1 . 1 Damage Taken 15765 | . 90 493 211 108 . 252 1047 125 75 581 1473 362 292 1330 1676 1306 1627 . 615 453 736 501 1745 58 609 Core 1264 | . 35 72 23 18 . 13 121 37 . 101 150 11 30 71 170 169 71 . . 14 36 67 20 . 35 Absorbed by Shields 705 | . . . . . . . . . . . . 36 . . 107 . 88 . . . 133 . 62 62 217 Regen/Repaired (Parts) 836 | . . . . . . . . . . 77 759 . . . . . . . . . . . . . . Core Remaining (%) 81 | 100 . 57 . . . 86 . . . 52 . . . 62 80 . 76 . 100 . . . 89 100 97 Volleys Fired 689 | 8 9 13 20 13 . 13 41 7 4 50 77 17 18 50 51 16 50 . 34 17 39 27 83 5 27 Largest 3 | 2 2 2 3 3 . 3 3 3 2 3 3 3 3 3 3 2 3 . 3 2 2 2 2 2 3 Hottest 232 | 40 40 40 115 60 . 115 151 151 103 86 84 84 84 95 81 58 76 . 131 108 103 103 103 152 232 Shots Fired 1069 | 16 18 16 58 35 . 39 97 16 6 86 103 33 27 68 70 19 56 . 46 23 48 40 90 10 49 Gun 529 | 16 18 6 54 33 . 36 56 9 2 51 58 27 14 38 35 6 9 . 12 6 9 13 4 5 12 Cannon 159 | . . . 4 . . 3 28 7 4 . . . . . . . 16 . 9 6 9 13 34 5 21 Launcher 68 | . . 10 . 2 . . 7 . . 4 3 4 . 14 5 4 7 . . . . . . . 8 Special 313 | . . . . . . . 6 . . 31 42 2 13 16 30 9 24 . 25 11 30 14 52 . 8 Kinetic 608 | 16 18 6 54 33 . 36 41 7 2 51 58 27 14 38 35 6 25 . 21 12 18 26 38 5 21 Thermal 89 | . . . 4 . . 3 49 9 4 . . . . . . . . . . . . . 3 5 12 Explosive 60 | . . 10 . 2 . . 7 . . 4 3 4 . 14 5 4 7 . . . . . . . . Electromagnetic 8 | . . . . . . . . . . . . . . . . . . . . . . . . . 8 Robot Hit Streak 30 | 3 4 7 12 8 . 22 10 . 3 20 15 9 3 6 18 6 13 . 16 10 30 10 15 7 6 Robot Miss Streak 6 | 3 3 1 3 2 . 4 3 . 1 2 3 2 3 3 4 2 1 . 3 6 1 1 3 2 3 Penetration Max 1 | . . . . . . . . . 1 1 1 1 . . . . . . 1 . . . . . . Secondary Targets 6 | . . . . . . 1 . . . 2 . 3 . . . . . . . . . . . . . Max Gunslinging Chain 1 | . . . . . . 1 . . . 1 . 1 . . . . . . . . . . . . . Shots Hit Robots 731 | 8 10 9 33 21 . 28 59 21 3 57 71 21 13 38 47 20 51 . 31 15 44 32 68 6 25 Core Hits 291 | 5 3 23 13 16 . 9 34 . . 20 26 16 2 27 19 13 14 . 2 1 6 9 12 1 20 Critical Kills 2 | 1 . . . . . . . . . . . . . . . . . . . . . . 1 . . Critical Parts Destroyed 10 | . . . . . . . . . . 1 . . . 1 . 3 2 . . 1 2 . . . . Critical Strikes 23 | 1 . . . . . . 1 . . 1 1 . . 1 . 3 3 . . 1 3 3 4 . 1 Burn 1 | . . . . . . . 1 . . . . . . . . . . . . . . . . . . Destroy 8 | 1 . . . . . . . . . 1 . . . 1 . 1 . . . 1 2 . 1 . . Blast 9 | . . . . . . . . . . . . . . . . . 1 . . . 1 3 3 . 1 Smash 4 | . . . . . . . . . . . . . . . . 2 2 . . . . . . . . Sever 1 | . . . . . . . . . . . 1 . . . . . . . . . . . . . . Melee Attacks 76 | . . . . . . . . 21 . 8 3 . 1 14 2 11 14 . . . 1 . . . 1 Impact 43 | . . . . . . . . . . . . . 1 14 2 11 14 . . . 1 . . . . Slashing 3 | . . . . . . . . . . . 3 . . . . . . . . . . . . . . Piercing 1 | . . . . . . . . . . . . . . . . . . . . . . . . . 1 Sneak Attacks 27 | . . . . . . . . 21 . 5 . . . . . 1 . . . . . . . . . Combat Hostiles . | . . . . . . . . . . . . . . . . . . . . . . . . . . Follow-up Attacks . | . . . . . . . . . . . . . . . . . . . . . . . . . . Damage Inflicted 19884 | 95 121 972 412 513 . 290 1331 . 78 841 1670 1064 154 1573 1227 1097 2452 . 661 248 727 1067 1489 181 1621 Guns 6189 | 95 121 57 362 208 . 265 341 . 53 578 973 360 154 484 597 117 50 . 211 53 337 372 83 82 236 Cannons 5445 | . . . 50 . . 25 275 . 25 . . . . . . . 1135 . 450 195 390 682 1390 99 729 Explosions 7170 | . . 909 . 291 . . 708 . . 263 555 704 . 1029 620 653 794 . . . . . . . 644 Melee 920 | . . . . . . . . . . . 68 . . 60 . 319 473 . . . . . . . . Ramming 144 | . . 6 . 14 . . 7 . . . 74 . . . 10 8 . . . . . 13 . . 12 Kinetic 10795 | 95 121 57 362 208 . 265 195 . 53 578 973 360 154 484 597 117 1185 . 661 248 727 1054 1473 99 729 Thermal 1202 | . . . 50 . . 25 421 . 25 . . . . . . 244 . . . . . . 16 82 339 Explosive 6466 | . . 909 . 291 . . 708 . . 263 555 704 . 1029 620 409 794 . . . . . . . 184 Electromagnetic 357 | . . . . . . . . . . . . . . . . . . . . . . . . . 357 Impact 852 | . . . . . . . . . . . . . . 60 . 319 473 . . . . . . . . Slashing 68 | . . . . . . . . . . . 68 . . . . . . . . . . . . . . Piercing . | . . . . . . . . . . . . . . . . . . . . . . . . . . Highest Corruption 12 | . . . . . . . . 1 3 3 . 4 5 8 1 . 1 . . . . 2 2 . 12 Average Corruption 3 | . . . . . . . . 1 2 3 . 4 4 7 1 . 1 . . . . 1 2 . 5 Corruption Purged 1 | . . . . . . . . . . . . . . . 1 . . . . . . . . . . Corruption Blocked . | . . . . . . . . . . . . . . . . . . . . . . . . . . Effects 141 | . . . . . . . . 3 8 22 . 7 20 45 3 . 5 . . . . 1 15 . 12 Message Errors 27 | . . . . . . . . 1 . 4 . 2 7 9 . . . . . . . . 1 . 3 Matter Fused 41 | . . . . . . . . 2 2 10 . 1 3 12 2 . 3 . . . . . 4 . 2 Heat Flow Errors 10 | . . . . . . . . . . 1 . . 2 3 . . 1 . . . . 1 1 . 1 Energy Discharges 20 | . . . . . . . . . 1 2 . 1 3 8 . . . . . . . . 3 . 2 Parts Rejected 1 | . . . . . . . . . . . . . . . . . . . . . . . . . 1 Parts Fused 6 | . . . . . . . . . 2 . . . 1 2 . . . . . . . . 1 . . Data Loss (minor) 19 | . . . . . . . . . 3 4 . 2 2 2 . . . . . . . . 3 . 3 Data Loss (major) 8 | . . . . . . . . . . . . 1 1 4 1 . . . . . . . 1 . . Misfires 5 | . . . . . . . . . . 1 . . . 3 . . 1 . . . . . . . . Alerts 3 | . . . . . . . . . . . . . 1 1 . . . . . . . . 1 . . Weapon Failures 1 | . . . . . . . . . . . . . . 1 . . . . . . . . . . . Overload Shots . | . . . . . . . . . . . . . . . . . . . . . . . . . . Overflow Damage 1301 | . . 56 5 . . . 32 . . . 31 5 . 67 . 209 359 . 150 . 94 42 76 34 141 Projectiles 626 | . . . 5 . . . . . . . . . . . . . 151 . 150 . 94 42 76 34 74 Explosions 346 | . . 56 . . . . 32 . . . 31 5 . 67 . 71 17 . . . . . . . 67 Melee 329 | . . . . . . . . . . . . . . . . 138 191 . . . . . . . . Knockbacks 26 | . . . . . . . . . . . 2 . . . . 1 7 . 1 . . 3 6 . 6 Impact 5 | . . . . . . . . . . . 2 . . . . 1 2 . . . . . . . . Kinetic 21 | . . . . . . . . . . . . . . . . . 5 . 1 . . 3 6 . 6 Secondary . | . . . . . . . . . . . . . . . . . . . . . . . . . . Self-Inflicted Damage 880 | . . 125 . . . . 174 . . 68 36 . . 38 5 196 175 . . . . . . . 63 Shots 29 | . . 6 . . . . 3 . . 2 1 . . 1 . 4 7 . . . . . . . 5 Rammed 16 | . . 1 . 4 . . . . . . 7 . . . 1 1 . . . . . 1 . . 1 Targets Rammed 19 | . . 1 . 4 . . 1 . . . 9 . . . 1 1 . . . . . 1 . . 1 Kicked . | . . . . . . . . . . . . . . . . . . . . . . . . . . Crushed 3 | . . . . . . . 1 . . . 2 . . . . . . . . . . . . . . Highest Temperature 338 | . . . 90 24 . 135 338 39 24 217 21 147 207 273 16 7 184 . 60 . 5 178 186 . 125 Average Temperature 55 | . . . 26 10 . 37 118 15 13 36 11 41 80 72 9 7 34 . 27 . 5 100 71 . 24 Received Heat Transfer 2583 | . 48 24 78 48 . 99 450 . 27 198 255 94 30 219 177 135 247 . 195 . 107 30 122 . . Effects 1 | . . . . . . . . . . . . . . 1 . . . . . . . . . . . Interference 1 | . . . . . . . . . . . . . . 1 . . . . . . . . . . . Siege Activations 2 | . . . . . . . . . . . . . . . . . . . . . . . 1 . 1 Total Turns 6 | . . . . . . . . . . . . . . . . . . . . . . . 3 . 3 Longest Duration 3 | . . . . . . . . . . . . . . . . . . . . . . . 3 . 3 Martial Activations . | . . . . . . . . . . . . . . . . . . . . . . . . . . Shielding Activations . | . . . . . . . . . . . . . . . . . . . . . . . . . . Robots Disrupted . | . . . . . . . . . . . . . . . . . . . . . . . . . . Combat Hostiles . | . . . . . . . . . . . . . . . . . . . . . . . . . . Robots Corrupted 4 | . . . . . . . . . . . . . . . . 1 2 . . . . . . . 1 Combat Hostiles 2 | . . . . . . . . . . . . . . . . 1 . . . . . . . . 1 Parts Fried 7 | . . . . . . . . . . . . . . . . 1 4 . . . . . . . 2 Impact Corruptions 8 | . . . . . . . . . . . . . . . . 4 4 . . . . . . . . Robots Melted . | . . . . . . . . . . . . . . . . . . . . . . . . . . Combat Hostiles . | . . . . . . . . . . . . . . . . . . . . . . . . . . Parts Melted 3 | . . . . . . . 1 . . . . . . . . . . . . . . . . 1 1 Heat Transferred 1606 | . . . 74 . . 37 851 . 37 . . . . . . 150 . . . . . . 37 111 309 Parts Sabotaged . | . . . . . . . . . . . . . . . . . . . . . . . . . . Parts Stolen . | . . . . . . . . . . . . . . . . . . . . . . . . . . Parts Stripped . | . . . . . . . . . . . . . . . . . . . . . . . . . . Power Chain Reactions 2 | . . . . . . . . . . . . . . . . . . . . . . . . . 2 Alert | -11 -10 -10 -9 -9 -9 -8 -8 -8 -8 -8 -7 -7 -7 -7 -6 -5 -5 -4 -4 -3 -3 -3 -3 -2 -1 ------- Run | Yrd Mat Min Mat Min Exi Min Mat Gar Mat Gar Fac Gar Fac Gar Fac Fac Gar Fac Gar Res Gar Res Gar Res Acc Maximum Alert Level 4 | . . . . . . . 1 3 2 4 2 3 2 3 2 1 3 2 3 2 3 2 3 2 1 Low Security (%) 22 | 100 100 100 100 100 . 100 97 2 . . . . . 2 . 73 39 . . . . . . . 64 Level 1 22 | . . . . . . . 2 36 . 3 14 10 83 10 65 26 23 76 22 . 2 53 22 60 35 Level 2 36 | . . . . . . . . 30 100 19 85 55 16 31 34 . 25 23 6 100 76 46 62 39 . Level 3 18 | . . . . . . . . 30 . 72 . 34 . 55 . . 11 . 71 . 20 . 15 . . Level 4 . | . . . . . . . . . . 4 . . . . . . . . . . . . . . . Level 5 . | . . . . . . . . . . . . . . . . . . . . . . . . . . High Security . | . . . . . . . . . . . . . . . . . . . . . . . . . . Max Security . | . . . . . . . . . . . . . . . . . . . . . . . . . . Peak Influence 1115 | 10 30 86 126 96 . 60 250 1094 620 1115 655 891 467 1000 634 303 784 411 1064 598 914 513 758 435 285 Initial 598 | . . 7 13 39 . . . 165 533 374 585 384 467 162 525 303 96 411 237 598 357 513 273 426 183 Average 433 | . 4 15 37 30 . 7 68 561 548 768 513 617 339 674 407 98 333 380 738 520 619 402 488 383 183 Influence Increases 12173 | 25 30 165 208 191 . 92 562 929 365 971 1047 587 173 988 1080 339 908 8 887 295 707 220 735 120 541 Destroy 0b10 Robot/C 4980 | . 20 100 140 120 . 80 280 . 160 480 560 340 100 480 520 160 400 . 380 20 120 80 220 20 200 Destroy 0b10 Robot/NC 280 | 25 . 5 5 10 . . 25 . 5 . 85 . . . 60 25 15 . . 5 . 15 . . . Destroy Leader 806 | . 10 10 32 30 . 10 64 . 52 30 138 30 40 40 110 20 30 . 50 10 . 20 20 10 50 Allied During Kill 1318 | . . . . . . . . . 104 75 192 31 17 19 158 16 80 . 201 25 93 70 66 30 141 Successful Hack 180 | . . . . . . . 4 14 26 16 57 . 14 14 . . 14 . . . 14 . 7 . . Disable Machine 540 | . . . . . . . 30 . 15 15 . 45 . 30 135 30 60 . 15 45 45 15 . 15 45 Anti-Garrison Action 2550 | . . . . . . . . 900 . 300 . 100 . 200 . . 200 . 150 . 350 . 350 . . Destroy Structure 1084 | . . 50 1 16 . 2 69 15 3 25 15 41 2 115 97 58 34 8 46 190 85 20 42 45 105 Partial Spotted 15 | . . . . . . . . . . . . . . . . 15 . . . . . . . . . Lose Combat Pursuer 420 | . . . 30 15 . . 90 . . 30 . . . 90 . 15 75 . 45 . . . 30 . . Influence Decreases 12019 | 25 10 151 142 285 6 92 308 89 883 432 1613 245 832 220 1461 820 262 453 162 882 270 769 342 572 693 Entered New Map 4984 | . . 13 21 61 6 . . 89 561 202 530 165 424 70 475 316 42 373 102 466 120 401 92 332 123 Time Decay 3878 | 25 10 124 111 224 . 92 268 . 222 . 568 . 368 . 506 136 . 80 . 356 . 278 . 160 350 Lost Part 584 | . . 14 10 . . . 40 . . 10 . 10 . 50 90 100 100 . . 20 10 10 90 . 30 Lost Ally 1870 | . . . . . . . . . 100 220 140 70 40 100 240 90 120 . 60 40 140 80 160 80 190 Purge Threat 703 | . . . . . . . . . . . 375 . . . 150 178 . . . . . . . . . Squads Dispatched 46 | . 1 1 2 1 . . 3 . 2 . 8 . 3 . 11 4 . . . 3 . 3 . 1 3 Investigation 6 | . . 1 . . . . 1 . . . . . 1 . . . . . . . . 2 . . 1 Extermination 12 | . . . . . . . . . . . 2 . 2 . 3 . . . . 1 . 1 . 1 2 Reinforcement 21 | . 1 . 2 1 . . 1 . 2 . 5 . . . 5 3 . . . 1 . . . . . Assault . | . . . . . . . . . . . . . . . . . . . . . . . . . . Garrison 7 | . . . . . . . 1 . . . 1 . . . 3 1 . . . 1 . . . . . Intercept . | . . . . . . . . . . . . . . . . . . . . . . . . . . Searches Triggered . | . . . . . . . . . . . . . . . . . . . . . . . . . . Unchained Authorized 1 | . . . . . . . . . . . . . . . . . . . . . . . . . 1 Construction Impeded 5 | . . . . 1 . . . . . . 2 . . . 2 . . . . . . . . . . Haulers Reinforced 2 | . . . . . . . . . . . . . . . . 1 . . . 1 . . . . . Active Scanning Responses . | . . . . . . . . . . . . . . . . . . . . . . . . . . Cargo Convoy Interrupts . | . . . . . . . . . . . . . . . . . . . . . . . . . . Alert ID Control Effect 50 | . . . . . . . . . . . . . . . . . . . 4 5 19 11 8 1 2 Stealth | -11 -10 -10 -9 -9 -9 -8 -8 -8 -8 -8 -7 -7 -7 -7 -6 -5 -5 -4 -4 -3 -3 -3 -3 -2 -1 --------- Run | Yrd Mat Min Mat Min Exi Min Mat Gar Mat Gar Fac Gar Fac Gar Fac Fac Gar Fac Gar Res Gar Res Gar Res Acc Distress Signals 17 | . . . 3 . . . 5 . . . 3 . . . 3 . . . . 1 . 2 . . . Communications Jammed 36 | . . . . . . . . . . . . . . . . . . . . . . . . . 36 Distress Signals 36 | . . . . . . . . . . . . . . . . . . . . . . . . . 36 Times Spotted 494 | . 4 18 15 11 . 6 33 . 9 37 41 17 8 38 39 12 43 1 27 12 37 16 47 4 19 Peak Tracking Total 12 | . 2 12 5 4 . 3 7 . 2 6 5 4 2 6 5 4 5 1 4 4 5 4 9 2 3 Tactical Retreats 19 | . . 1 2 1 . . 3 . . 1 . . . 3 . 1 4 . 1 . . . 2 . . Traps | -11 -10 -10 -9 -9 -9 -8 -8 -8 -8 -8 -7 -7 -7 -7 -6 -5 -5 -4 -4 -3 -3 -3 -3 -2 -1 ------- Run | Yrd Mat Min Mat Min Exi Min Mat Gar Mat Gar Fac Gar Fac Gar Fac Fac Gar Fac Gar Res Gar Res Gar Res Acc Traps Triggered 37 | . . . . . . . 1 1 1 6 1 4 2 5 2 1 6 . 1 . 1 2 3 . . Indirectly . | . . . . . . . . . . . . . . . . . . . . . . . . . . Trap Hack Attempts 23 | . . . . . . . . . . . 23 . . . . . . . . . . . . . . Triggered . | . . . . . . . . . . . . . . . . . . . . . . . . . . Disarmed . | . . . . . . . . . . . . . . . . . . . . . . . . . . Reprogrammed . | . . . . . . . . . . . . . . . . . . . . . . . . . . Reused . | . . . . . . . . . . . . . . . . . . . . . . . . . . Traps Extracted . | . . . . . . . . . . . . . . . . . . . . . . . . . . Installed 1 | . . 1 . . . . . . . . . . . . . . . . . . . . . . . Triggered . | . . . . . . . . . . . . . . . . . . . . . . . . . . Most Traps Carried 2 | . . 2 1 1 1 1 1 1 . . . . . . . . . . . . . . . . . Objects Rigged 3 | . . . . . . . . . . . . 3 . . . . . . . . . . . . . Exploded 1 | . . . . . . . . . . . . . . 1 . . . . . . . . . . . Machines | -11 -10 -10 -9 -9 -9 -8 -8 -8 -8 -8 -7 -7 -7 -7 -6 -5 -5 -4 -4 -3 -3 -3 -3 -2 -1 ---------- Run | Yrd Mat Min Mat Min Exi Min Mat Gar Mat Gar Fac Gar Fac Gar Fac Fac Gar Fac Gar Res Gar Res Gar Res Acc Machines Disabled 63 | . . . . . . . 2 4 1 5 . 5 . 4 9 2 6 . 5 3 8 1 4 1 3 Max in Single Turn 2 | . . . . . . . 2 1 . 1 . 2 . 1 . 2 1 . 1 . 1 . 1 1 1 Garrison Access 1 | . . . . . . . . . . . 1 . . . . . . . . . . . . . . Garrison Relay 27 | . . . . . . . . 4 . 3 . 2 . 2 . . 3 . 4 . 5 . 4 . . Machines Repaired . | . . . . . . . . . . . . . . . . . . . . . . . . . . Machines Dismantled 15 | . . . . . . . . . . . . . . . . . 2 . 3 . 7 . 3 . . Machines Sabotaged . | . . . . . . . . . . . . . . . . . . . . . . . . . . Overloaded Fab Kills . | . . . . . . . . . . . . . . . . . . . . . . . . . . Hacking | -11 -10 -10 -9 -9 -9 -8 -8 -8 -8 -8 -7 -7 -7 -7 -6 -5 -5 -4 -4 -3 -3 -3 -3 -2 -1 --------- Run | Yrd Mat Min Mat Min Exi Min Mat Gar Mat Gar Fac Gar Fac Gar Fac Fac Gar Fac Gar Res Gar Res Gar Res Acc Machines Accessed 55 | . . 1 1 . 2 . 1 4 4 2 7 . 5 1 5 5 2 1 1 3 2 5 1 . 2 Terminals 37 | . . . . . . . . 4 3 2 5 . 4 1 2 3 2 . 1 2 2 3 1 . 2 Fabricators 3 | . . . . . . . . . . . . . . . 2 1 . . . . . . . . . Repair Stations 1 | . . . . . . . . . . . . . . . . . . . . . . 1 . . . Recycling Units . | . . . . . . . . . . . . . . . . . . . . . . . . . . Scanalyzers 2 | . . . 1 . . . . . . . . . . . 1 . . . . . . . . . . Garrison Access 9 | . . . . . . . 1 . 1 . 2 . 1 . . 1 . 1 . 1 . 1 . . . Total Hacks 101 | . . 1 3 . 5 . 1 5 9 3 16 . 9 1 12 10 3 1 1 4 3 8 2 . 4 Successful 52 | . . 1 1 . 5 . 1 4 6 1 11 . 4 1 4 5 2 1 . 1 1 2 1 . . Failed 47 | . . . 1 . . . . 1 3 2 5 . 5 . 7 5 1 . 1 3 2 6 1 . 4 Catastrophic 12 | . . . . . . . . . . 1 1 . 3 . 1 1 . . . 1 . 2 1 . 1 Database Lockouts 2 | . . . 1 . . . . . . . . . . . 1 . . . . . . . . . . Manual 4 | . . . . . 1 . . . . . . . . . . 3 . . . . . . . . . Terminals 73 | . . . . . . . . 5 8 3 13 . 8 1 7 7 3 . 1 3 3 5 2 . 4 Fabricators 5 | . . . . . . . . . . . . . . . 3 2 . . . . . . . . . Repair Stations 2 | . . . . . . . . . . . . . . . . . . . . . . 2 . . . Recycling Units . | . . . . . . . . . . . . . . . . . . . . . . . . . . Scanalyzers 5 | . . . 3 . . . . . . . . . . . 2 . . . . . . . . . . Garrison Access 10 | . . . . . . . 1 . 1 . 3 . 1 . . 1 . 1 . 1 . 1 . . . Terminal Hacks 35 | . . 1 . . 5 . . 4 5 1 8 . 3 1 1 2 2 . . . 1 . 1 . . Record 4 | . . . . . 4 . . . . . . . . . . . . . . . . . . . . Part Schematic 1 | . . . . . . . . . . . 1 . . . . . . . . . . . . . . Robot Schematic 1 | . . . . . . . . . . . 1 . . . . . . . . . . . . . . Prototype ID Bank 4 | . . . . . . . . . 1 . 1 . 1 . . 1 . . . . . . . . . Open Door 3 | . . 1 . . . . . 1 . . . . . . . . . . . . . . 1 . . Branch Access Points 1 | . . . . . . . . . . . . . 1 . . . . . . . . . . . . Emergency Access Points 4 | . . . . . . . . 1 . . . . . 1 . . 1 . . . 1 . . . . Unreport Threat 2 | . . . . . . . . . . . . . . . 1 1 . . . . . . . . . Locate Traps 2 | . . . . . . . . . . . 2 . . . . . . . . . . . . . . Surveillance Status 1 | . . . . . . . . . . . . . 1 . . . . . . . . . . . . Hauler Manifests 1 | . . . . . . . . . 1 . . . . . . . . . . . . . . . . Registered Components 2 | . . . . . . . . . 1 . 1 . . . . . . . . . . . . . . Registered Prototypes 1 | . . . . . . . . . 1 . . . . . . . . . . . . . . . . Zone Layout 3 | . . . . . . . . . 1 . 2 . . . . . . . . . . . . . . Patrol Navigation 2 | . . . . . . . . 1 . . . . . . . . 1 . . . . . . . . Security Stations 2 | . . . . . . . . 1 . 1 . . . . . . . . . . . . . . . Proto ID Catalog 1 | . . . . . 1 . . . . . . . . . . . . . . . . . . . . Fabricator Hacks 3 | . . . . . . . . . . . . . . . 2 1 . . . . . . . . . Load Schematic 2 | . . . . . . . . . . . . . . . 1 1 . . . . . . . . . Build 1 | . . . . . . . . . . . . . . . 1 . . . . . . . . . . Repair Station Hacks 1 | . . . . . . . . . . . . . . . . . . . . . . 1 . . . Scan Component 1 | . . . . . . . . . . . . . . . . . . . . . . 1 . . . Recycling Unit Hacks . | . . . . . . . . . . . . . . . . . . . . . . . . . . Scanalyzer 2 | . . . 1 . . . . . . . . . . . 1 . . . . . . . . . . Retrieve Study 2 | . . . 1 . . . . . . . . . . . 1 . . . . . . . . . . Garrison Access Hacks 10 | . . . . . . . 1 . 1 . 3 . 1 . . 1 . 1 . 1 . 1 . . . Unlock Access 8 | . . . . . . . 1 . 1 . 1 . 1 . . 1 . 1 . 1 . 1 . . . Seal Access 1 | . . . . . . . . . . . 1 . . . . . . . . . . . . . . Coupler Status 1 | . . . . . . . . . . . 1 . . . . . . . . . . . . . . Unauthorized Hacks 1 | . . . . . . . . . . . . . . . . 1 . . . . . . . . . Terminals . | . . . . . . . . . . . . . . . . . . . . . . . . . . Fabricators 1 | . . . . . . . . . . . . . . . . 1 . . . . . . . . . Liberate 1 | . . . . . . . . . . . . . . . . 1 . . . . . . . . . Repair Stations . | . . . . . . . . . . . . . . . . . . . . . . . . . . Recycling Units . | . . . . . . . . . . . . . . . . . . . . . . . . . . Scanalyzers . | . . . . . . . . . . . . . . . . . . . . . . . . . . Garrison Access . | . . . . . . . . . . . . . . . . . . . . . . . . . . Data Cores Recovered . | . . . . . . . . . . . . . . . . . . . . . . . . . . Used . | . . . . . . . . . . . . . . . . . . . . . . . . . . Hacking Detections 36 | . . . 1 . . . . 1 2 1 7 . 4 . 3 2 1 . 1 3 2 5 1 . 2 Full Trace Events 5 | . . . . . . . . . . 1 . . 1 . . . . . . . . 1 1 . 1 Feedback Events . | . . . . . . . . . . . . . . . . . . . . . . . . . . Feedback Blocked . | . . . . . . . . . . . . . . . . . . . . . . . . . . Robot Schematics Acquired 1 | . . . . . . . . . . . 1 . . . . . . . . . . . . . . Robots Built 4 | . . . . . . . . . . . . . . . 4 . . . . . . . . . . Authchips 1 | . . . . . . . . . . . . . . . 1 . . . . . . . . . . Time 67 | . . . . . . . . . . . . . . . 67 . . . . . . . . . . Total Robot Build Rating 16 | . . . . . . . . . . . . . . . 16 . . . . . . . . . . Part Schematics Acquired 1 | . . . . . . . . . . . 1 . . . . . . . . . . . . . . Parts Built . | . . . . . . . . . . . . . . . . . . . . . . . . . . Authchips . | . . . . . . . . . . . . . . . . . . . . . . . . . . Time . | . . . . . . . . . . . . . . . . . . . . . . . . . . Total Part Build Rating . | . . . . . . . . . . . . . . . . . . . . . . . . . . Part Studies Acquired 2 | . . . 1 . . . . . . . . . . . 1 . . . . . . . . . . Parts Repaired . | . . . . . . . . . . . . . . . . . . . . . . . . . . Time . | . . . . . . . . . . . . . . . . . . . . . . . . . . Parts Recycled . | . . . . . . . . . . . . . . . . . . . . . . . . . . Recycled Matter . | . . . . . . . . . . . . . . . . . . . . . . . . . . Retrieved Matter . | . . . . . . . . . . . . . . . . . . . . . . . . . . Retrieved Components . | . . . . . . . . . . . . . . . . . . . . . . . . . . Parts Scanalyzed . | . . . . . . . . . . . . . . . . . . . . . . . . . . Part Schematics Acquired . | . . . . . . . . . . . . . . . . . . . . . . . . . . Parts Damaged . | . . . . . . . . . . . . . . . . . . . . . . . . . . Bothacking | -11 -10 -10 -9 -9 -9 -8 -8 -8 -8 -8 -7 -7 -7 -7 -6 -5 -5 -4 -4 -3 -3 -3 -3 -2 -1 ------------ Run | Yrd Mat Min Mat Min Exi Min Mat Gar Mat Gar Fac Gar Fac Gar Fac Fac Gar Fac Gar Res Gar Res Gar Res Acc Used RIF Installer 8 | . . . . . . . . 1 . 1 . 1 . 1 . . 1 . 1 . 1 . 1 . . Coupler Efficiency 1 | . . . . . . . . . . 1 . . . . . . . . . . . . . . . Code Merge 1 | . . . . . . . . . . . . . . . . . . . . . 1 . . . . Signal Jammer 1 | . . . . . . . . . . . . . . . . . . . . . . . 1 . . Zone Cloak 1 | . . . . . . . . . . . . 1 . . . . . . . . . . . . . Alert ID Control 1 | . . . . . . . . . . . . . . . . . . . 1 . . . . . . Structural Interface 1 | . . . . . . . . . . . . . . . . . 1 . . . . . . . . Program Shield 1 | . . . . . . . . . . . . . . 1 . . . . . . . . . . . Robots Hacked 162 | . . . . . . . . . . 19 23 1 4 11 14 3 13 . 10 6 21 9 24 . 4 Non-combat 33 | . . . . . . . . . . 2 8 . . 1 7 2 1 . . 2 2 3 2 . 3 Combat 129 | . . . . . . . . . . 17 15 1 4 10 7 1 12 . 10 4 19 6 22 . 1 Robot Hacks Applied 176 | . . . . . . . . . . 19 29 1 4 11 15 5 13 . 11 7 21 9 26 . 5 parse_system 6 | . . . . . . . . . . . 1 . . . . . 1 . 1 . . . 2 . 1 no_distress 1 | . . . . . . . . . . . 1 . . . . . . . . . . . . . . drop_inventory 10 | . . . . . . . . . . . 2 . . . 3 1 . . . 1 . 2 . . 1 recall_reinforcements 1 | . . . . . . . . . . . . . . . . . . . . 1 . . . . . purge_threat 4 | . . . . . . . . . . . 3 . . . . 1 . . . . . . . . . block_reporting 2 | . . . . . . . . . . . 1 . . . . 1 . . . . . . . . . map_route 9 | . . . . . . . . . . . 2 . . . 3 . . . . 1 . 1 . . 2 emergency_deploy 1 | . . . . . . . . . . . . . . . . . . . . . 1 . . . . spike_heat 10 | . . . . . . . . . . 1 4 . 1 . 1 . 1 . 1 . . . 1 . . overload_power 2 | . . . . . . . . . . . 1 . . . . . . . . . . 1 . . . amplify_resonance 26 | . . . . . . . . . . . 3 . . . . . 5 . 4 . 6 1 7 . . disable_weapons 3 | . . . . . . . . . . 1 1 . . . . . . . . . . . 1 . . reboot_system 1 | . . . . . . . . . . 1 . . . . . . . . . . . . . . . go_dormant 1 | . . . . . . . . . . . . . . . 1 . . . . . . . . . . overwrite_iff 14 | . . . . . . . . . . 2 3 . 1 . . . 1 . 1 1 2 2 1 . . streamctrl_high 3 | . . . . . . . . . . 1 . . . . 1 . . . . . 1 . . . . formatsys_low 8 | . . . . . . . . . . 2 1 . . . 1 1 . . . . 2 . 1 . . formatsys_high 72 | . . . . . . . . . . 11 6 1 2 11 5 1 5 . 4 3 9 2 12 . . formatsys_deep 2 | . . . . . . . . . . . . . . . . . . . . . . . 1 . 1 Relay Couplers Released 107 | . . . . . . . . 17 . 11 3 9 . 8 . . 10 . 15 . 18 . 16 . . Machine Destruction 107 | . . . . . . . . 17 . 11 3 9 . 8 . . 10 . 15 . 18 . 16 . . Attached 69 | . . . . . . . . 1 . 8 8 2 1 6 5 2 6 . 4 3 11 . 10 . 2 Merged Code Value 55 | . . . . . . . . . . . . . . . . . . . . . 46 . 9 . . Fabnet Peak Effective % . | . . . . . . . . . . . . . . . . . . . . . . . . . . Robots Rewired 20 | . . . . . . . . 12 . 1 . . . . . . 2 . 2 . . . 3 . . Allies Hacked 3 | . . . . . . . . . . . . . . . . . 1 . . . . . . . 2 Hacks Repelled . | . . . . . . . . . . . . . . . . . . . . . . . . . . Allies | -11 -10 -10 -9 -9 -9 -8 -8 -8 -8 -8 -7 -7 -7 -7 -6 -5 -5 -4 -4 -3 -3 -3 -3 -2 -1 -------- Run | Yrd Mat Min Mat Min Exi Min Mat Gar Mat Gar Fac Gar Fac Gar Fac Fac Gar Fac Gar Res Gar Res Gar Res Acc Total Allies 132 | . . . . . . . . 12 . 17 10 1 3 11 11 5 8 . 9 4 14 4 21 . 2 Largest Group 15 | . . . . . . . . 9 10 7 8 5 3 6 12 5 4 1 7 8 8 9 15 14 10 Highest-Rated Group 727 | . . . . . . . . 156 172 133 184 115 80 200 294 203 287 119 569 632 565 495 727 693 469 Highest-Rated Ally 148 | . . . . . . . . 31 21 29 32 32 32 40 90 90 119 119 148 148 148 128 64 64 82 Total Orders 10 | . . . . . . . . . . 1 2 . . 4 2 . . . . . 1 . . . . STAY 4 | . . . . . . . . . . . . . . 2 1 . . . . . 1 . . . . FOLLOW 3 | . . . . . . . . . . . . . . 2 1 . . . . . . . . . . AID 3 | . . . . . . . . . . 1 2 . . . . . . . . . . . . . . Ally Attacks 899 | . . . . . . . . . 47 80 127 18 21 24 77 20 63 3 69 46 110 83 50 27 34 Total Damage 25657 | . . . . . . . . . 734 1507 2647 550 385 759 3543 556 1297 102 2643 1718 3516 2340 1352 922 1086 Kills 190 | . . . . . . . . . 9 17 26 8 4 6 29 3 10 . 19 9 23 12 9 1 5 Allies Corrupted 4 | . . . . . . . . . . . . . 1 . 1 . . . . . . . . 1 1 Allies Melted . | . . . . . . . . . . . . . . . . . . . . . . . . . . Intel | -11 -10 -10 -9 -9 -9 -8 -8 -8 -8 -8 -7 -7 -7 -7 -6 -5 -5 -4 -4 -3 -3 -3 -3 -2 -1 ------- Run | Yrd Mat Min Mat Min Exi Min Mat Gar Mat Gar Fac Gar Fac Gar Fac Fac Gar Fac Gar Res Gar Res Gar Res Acc Active Infowar (turns) 9492 | 115 195 601 375 571 667 578 238 . . . . . . . 1256 602 1563 167 238 . . . 1216 324 786 Optics 6152 | . . . . . . . . . . . . . . . 1256 602 1563 167 238 . . . 1216 324 786 Seismic 3340 | 115 195 601 375 571 667 578 238 . . . . . . . . . . . . . . . . . . Robot Analysis Total . | . . . . . . . . . . . . . . . . . . . . . . . . . . Derelict Logs Recovered 3 | . . 2 . 1 . . . . . . . . . . . . . . . . . . . . . Drone Launches . | . . . . . . . . . . . . . . . . . . . . . . . . . . Drone Recoveries . | . . . . . . . . . . . . . . . . . . . . . . . . . . Exploration | -11 -10 -10 -9 -9 -9 -8 -8 -8 -8 -8 -7 -7 -7 -7 -6 -5 -5 -4 -4 -3 -3 -3 -3 -2 -1 ------------- Run | Yrd Mat Min Mat Min Exi Min Mat Gar Mat Gar Fac Gar Fac Gar Fac Fac Gar Fac Gar Res Gar Res Gar Res Acc Turns Passed 22242 | 194 195 615 432 591 667 586 712 1579 478 1261 1713 756 852 1271 1360 602 1563 167 1185 814 1518 604 1417 324 786 Spaces Moved 12055 | 100 103 347 202 335 413 338 362 937 278 635 853 390 485 661 902 359 874 97 617 463 772 324 685 183 340 Core 5 | 5 . . . . . . . . . . . . . . . . . . . . . . . . . Treads 8397 | 95 103 347 202 335 413 338 198 937 278 635 853 127 . . 13 . 44 97 617 463 772 324 685 183 338 Legs . | . . . . . . . . . . . . . . . . . . . . . . . . . . Wheels 3653 | . . . . . . . 164 . . . . 263 485 661 889 359 830 . . . . . . . 2 Hover . | . . . . . . . . . . . . . . . . . . . . . . . . . . Flight . | . . . . . . . . . . . . . . . . . . . . . . . . . . Fastest Speed 50 | 50 160 160 160 160 160 160 140 160 160 162 162 160 160 145 125 135 120 170 168 161 162 162 162 165 161 Average Speed 157 | 154 160 160 160 160 160 160 151 160 160 162 163 160 160 154 131 140 149 170 168 162 162 162 166 165 164 Slowest Speed 305 | 160 160 160 160 160 160 160 240 160 162 162 232 162 160 160 220 215 247 170 170 168 162 162 173 165 305 Overloaded Moves . | . . . . . . . . . . . . . . . . . . . . . . . . . . Propulsion Burnouts . | . . . . . . . . . . . . . . . . . . . . . . . . . . Robots Hopped 1 | . . . . . . . . . . . . . . . . . . . . . . . 1 . . Potential Cave-ins 1 | . . . . . . . . . . . . . . . . . . . . . 1 . . . . Cave-ins Triggered . | . . . . . . . . . . . . . . . . . . . . . . . . . . Exploration Rate (%) 44 | 4 19 68 29 57 87 61 38 93 37 69 35 44 12 66 35 10 93 3 94 16 88 13 78 6 8 Regions Visited 25 Branch Regions 4 Pre-discovered Areas 1 | . . . . . 1 . . . . . . . . . . . . . . . . . . . . Known Exits Taken 10 | . . . 1 . . . 1 . 1 . 1 . 1 . . 1 . 1 . 1 . 1 . 1 . Unknown Exits Taken 7 | 1 1 1 . 1 1 1 . . . . . . . . 1 . . . . . . . . . . Scrap Searched 1 | . . . . . . 1 . . . . . . . . . . . . . . . . . . . Spaces Dug 34 | . . 9 . . . . 13 . 2 1 . . 1 1 2 2 2 . . . 1 . . . . Terrain Destroyed 462 | . . 79 . 17 . 2 75 . 3 10 7 22 1 82 33 46 7 . 4 6 6 8 18 2 34 Melee 9 | . . . . . . . . . . . . . 1 1 2 2 2 . . . 1 . . . . Projectile 75 | . . . . . . 2 17 . 3 . . 1 . 3 2 . 2 . 4 6 5 8 18 2 2 AOE 378 | . . 79 . 17 . . 58 . . 10 7 21 . 78 29 44 3 . . . . . . . 32 Terrain Rammed . | . . . . . . . . . . . . . . . . . . . . . . . . . . Walls Destroyed . | . . . . . . . . . . . . . . . . . . . . . . . . . . Machines Disabled . | . . . . . . . . . . . . . . . . . . . . . . . . . . Actions | -11 -10 -10 -9 -9 -9 -8 -8 -8 -8 -8 -7 -7 -7 -7 -6 -5 -5 -4 -4 -3 -3 -3 -3 -2 -1 --------- Run | Yrd Mat Min Mat Min Exi Min Mat Gar Mat Gar Fac Gar Fac Gar Fac Fac Gar Fac Gar Res Gar Res Gar Res Acc Total 14319 | 120 116 389 269 360 420 358 441 1013 308 813 1083 493 540 822 1015 421 1056 99 724 507 985 369 878 195 525 Wait 506 | . 2 12 32 1 . . 11 . 8 54 54 . . 19 8 4 10 . 8 5 87 8 48 1 134 Move 12034 | 99 102 346 201 334 412 337 362 936 277 634 853 389 485 660 901 359 873 97 616 463 771 324 682 182 339 Hop 1 | . . . . . . . . . . . . . . . . . . . . . . . 1 . . Pick Up 240 | 6 2 4 8 1 5 1 6 25 5 16 10 16 4 12 12 14 25 . 14 6 18 1 20 4 5 Fast Attach 54 | 7 . . 1 . . . 3 1 . 1 5 3 . 2 4 1 5 . 5 3 3 3 4 . 3 Attach 146 | . . 3 1 1 1 2 4 1 2 9 12 5 1 10 17 9 21 2 5 3 13 1 16 2 5 Detach 10 | . . . . . . . 1 . . . 2 . . . . 1 3 . 2 . 1 . . . . Swap 190 | . . 6 4 6 . 3 10 4 4 21 17 15 9 24 14 4 12 . 12 3 4 1 9 1 7 Drop 173 | . 1 3 2 . 2 2 2 17 8 18 18 15 6 7 4 1 13 . 18 7 17 3 6 . 3 Fire 689 | 8 9 13 20 13 . 13 41 7 4 50 77 17 18 50 51 16 50 . 34 17 39 27 83 5 27 Melee 76 | . . . . . . . . 21 . 8 3 . 1 14 2 11 14 . . . 1 . . . 1 Ram 2 | . . . . . . . . . . . . . . . 1 1 . . . . . . . . . Kick . | . . . . . . . . . . . . . . . . . . . . . . . . . . Crush 17 | . . 1 . 4 . . 1 . . . 9 . . . . . . . . . . 1 . . 1 Escape Stasis 94 | . . . . . . . . . . . . 30 16 24 . . 24 . . . . . . . . Rewire 4 | . . . . . . . . 1 . 2 . . . . 1 . . . . . . . . . . Trap 27 | . . 1 . . . . . . . . 23 3 . . . . . . . . . . . . . Miscellaneous 56 | . . . . . . . . . . . . . . . . . 6 . 10 . 31 . 9 . . Route ------- -11/Scrapyard -10/Materials -10/Mines -9/Materials -9/Mines -9/Exiles -8/Mines -8/Materials (discovered 2 exits: *Fac / Gar) -8/Garrison (discovered 4 exits: *Mat x4) -8/Materials (discovered 3 exits: *Fac / [*Sto] / Gar) -8/Garrison (discovered 2 exits: *Fac x2) -7/Factory (discovered 3 exits: *Fac x2 / Gar) -7/Garrison -7/Factory (discovered 3 exits: *Low x2 / Gar) -7/Garrison (discovered 3 exits: *Fac x3) -6/Factory (discovered 4 exits: *Fac x3 / [*Low]) -5/Factory -5/Garrison (discovered 3 exits: *Fac x3) -4/Factory -4/Garrison (discovered 3 exits: *Res x3) -3/Research (discovered 2 exits: [*Res] / Gar) -3/Garrison (discovered 2 exits: *Res x2) -3/Research -3/Garrison (discovered 3 exits: [*Res x3]) -2/Research -1/Access To Epsilon Eridani History --------- Turn | Location | Event 9 | -11/Scrapyard | Discovered new exit (range 15) 195 | -11/Scrapyard | Entered Materials 265 | -10/Materials | Discovered new exit (range 5) 310 | -10/Materials | Build established: Mutant 390 | -10/Materials | Entered Mines 408 | -10/Mines | Found a hidden stash of uninstalled traps 435 | -10/Mines | Learned 4 Materials zone layouts 438 | -10/Mines | Learned location of 1 exit from Materials 528 | -10/Mines | A weapon hastily lodged in a ceiling crevice suddenly fell to the ground 571 | -10/Mines | Assembled infested the area 719 | -10/Mines | Destroyed 8 combat bots 947 | -10/Mines | Discovered new exit (range 7) 956 | -10/Mines | Met a Derelict shopkeep closing up shop 1005 | -10/Mines | Entered Materials 1005 | -9/Materials | Evolved 2 slots: Propulsion x1, Weapon x1 1006 | -9/Materials | Identified exit to Mines 1140 | -9/Materials | Central database locked down 1437 | -9/Materials | Entered Mines 1660 | -9/Mines | Build established: Gunner 1728 | -9/Mines | Received a Rocket Launcher from a helpful Derelict 1792 | -9/Mines | Learned Materials terminal intel 1989 | -9/Mines | Deemed a non-threat by the Exiles lab entrance 1989 | -9/Mines | Discovered new exit (range 5) 2028 | -9/Mines | Entered Exiles 2070 | -9/Exiles | Met 8R-AWN 2096 | -9/Exiles | Met EX-HEX 2144 | -9/Exiles | Met EX-BIN 2162 | -9/Exiles | Aligned with FarCom system 2163 | -9/Exiles | Given EX-Vault access code 2200 | -9/Exiles | Opened EX-Vault 2211 | -9/Exiles | Found PSU Rigger 2259 | -9/Exiles | Warned to stay clear of 0b10 Research branches 2310 | -9/Exiles | Learned location of Zion (-7) 2337 | -9/Exiles | Met EX-DEC 2399 | -9/Exiles | Visited The Gauntlet 2682 | -9/Exiles | Discovered new exit (range 10) 2695 | -9/Exiles | Left Exiles lab with PSU Rigger 2695 | -9/Exiles | Entered Mines 2991 | -8/Mines | Build established: Skirmisher 3099 | -8/Mines | Discovered new exit (range 8) 3281 | -8/Mines | Entered Materials 3281 | -8/Materials | Evolved 2 slots: Propulsion x1, Utility x1 3282 | -8/Materials | Loaded intel: 12 terminal locations 3410 | -8/Materials | Build established: Scavenger-Skirmisher 3665 | -8/Materials | Discovered new exit (range 4) 3942 | -8/Materials | Garrison activated, responded to threat 3993 | -8/Materials | Identified exit to Garrison 3993 | -8/Materials | Entered Garrison 3993 | -8/Garrison | Discovered recently destroyed garrison 4011 | -8/Garrison | Destroyed 8 combat bots 4021 | -8/Garrison | Installed Relay Interface Framework 4268 | -8/Garrison | Garrison Relay disabled 4307 | -8/Garrison | Garrison Relay disabled 4563 | -8/Garrison | Discovered new exit (range 12) 4611 | -8/Garrison | Garrison Relay disabled 4686 | -8/Garrison | Build established: Bothacker-Mutant 4963 | -8/Garrison | Garrison Relay disabled 4986 | -8/Garrison | Learned Materials security intel 5045 | -8/Garrison | Discovered new exit (range 13) 5330 | -8/Garrison | Discovered new exit (range 12) 5549 | -8/Garrison | Discovered new exit (range 5) 5572 | -8/Garrison | Entered Materials 5572 | -8/Materials | Accompanied by 10 allies 5889 | -8/Materials | Discovered new exit (range 11) 5962 | -8/Materials | Discovered new exit (range 4) 6045 | -8/Materials | Identified exit to Garrison 6050 | -8/Materials | Entered Garrison 6050 | -8/Garrison | Accompanied by 5 allies 6084 | -8/Garrison | Triggered checkpoint 6108 | -8/Garrison | Expanded RIF knowledge: Coupler Efficiency 6151 | -8/Garrison | Garrison Relay disabled 6272 | -8/Garrison | Lost 5 allies 6285 | -8/Garrison | Triggered checkpoint 6312 | -8/Garrison | Triggered checkpoint 6328 | -8/Garrison | Triggered checkpoint 6497 | -8/Garrison | Lost 5 allies 6578 | -8/Garrison | Discovered new exit (range 11) 6702 | -8/Garrison | Learned Factory security intel 6720 | -8/Garrison | Triggered checkpoint 6756 | -8/Garrison | Garrison Relay disabled 6818 | -8/Garrison | Triggered checkpoint 6837 | -8/Garrison | Triggered checkpoint 6853 | -8/Garrison | Build established: Bothacker-Skirmisher 7120 | -8/Garrison | Discovered new exit (range 12) 7217 | -8/Garrison | Garrison Relay disabled 7311 | -8/Garrison | Entered Factory 7311 | -7/Factory | Accompanied by 7 allies 7311 | -7/Factory | Evolved 2 slots: Utility x2 7866 | -7/Factory | Lost 3 allies 8195 | -7/Factory | Discovered new exit (range 9) 8701 | -7/Factory | Discovered new exit (range 11) 8954 | -7/Factory | Garrison activated, responded to threat 9008 | -7/Factory | Identified exit to Garrison 9024 | -7/Factory | Entered Garrison 9024 | -7/Garrison | Accompanied by 5 allies 9090 | -7/Garrison | Triggered checkpoint 9182 | -7/Garrison | Triggered checkpoint 9214 | -7/Garrison | Garrison Relay disabled 9241 | -7/Garrison | Expanded RIF knowledge: Zone Cloak 9380 | -7/Garrison | Triggered checkpoint 9462 | -7/Garrison | Triggered checkpoint 9466 | -7/Garrison | Triggered checkpoint 9492 | -7/Garrison | Triggered checkpoint 9551 | -7/Garrison | Build established: Bothacker-Tank 9655 | -7/Garrison | Discovered new exit (range 13) 9686 | -7/Garrison | Triggered checkpoint 9711 | -7/Garrison | Garrison Relay disabled 9780 | -7/Garrison | Entered Factory 9780 | -7/Factory | Accompanied by 1 ally 9851 | -7/Factory | Discovered new exit (range 5) 9889 | -7/Factory | Discovered new exit (range 3) 10168 | -7/Factory | Identified exit to Lower Caves 10632 | -7/Factory | Identified exit to Garrison 10632 | -7/Factory | Entered Garrison 10632 | -7/Garrison | Accompanied by 1 ally 10728 | -7/Garrison | Triggered checkpoint 10730 | -7/Garrison | Triggered checkpoint 10915 | -7/Garrison | Discovered new exit (range 12) 10995 | -7/Garrison | Garrison Relay disabled 11144 | -7/Garrison | Triggered checkpoint 11149 | -7/Garrison | Triggered checkpoint 11195 | -7/Garrison | Lost 3 allies 11320 | -7/Garrison | Triggered checkpoint 11369 | -7/Garrison | Expanded RIF knowledge: Program Shield 11437 | -7/Garrison | Discovered new exit (range 8) 11622 | -7/Garrison | Triggered checkpoint 11634 | -7/Garrison | Garrison Relay disabled 11668 | -7/Garrison | Build established: Botlord-Mutant 11734 | -7/Garrison | Triggered checkpoint 11762 | -7/Garrison | Discovered new exit (range 14) 11903 | -7/Garrison | Entered Factory 11903 | -6/Factory | Accompanied by 6 allies 11903 | -6/Factory | Evolved 2 slots: Propulsion x1, Utility x1 12067 | -6/Factory | Fabricated S-27 Virus? 12069 | -6/Factory | Discovered new exit (range 5) 12131 | -6/Factory | Lost 5 allies 12428 | -6/Factory | Discovered new exit (range 18) 12884 | -6/Factory | Garrison activated, responded to threat 12943 | -6/Factory | Discovered new exit (range 12) 12951 | -6/Factory | Lost 5 allies 13101 | -6/Factory | Discovered new exit (range 6) 13123 | -6/Factory | Lost 4 parts (2n1u1w) 13195 | -6/Factory | Central database locked down 13263 | -6/Factory | Entered another Factory area 13263 | -5/Factory | Accompanied by 1 ally 13263 | -5/Factory | Evolved 2 slots: Propulsion x1, Utility x1 13376 | -5/Factory | Lost 3 parts (2n1u) 13426 | -5/Factory | Build established: Bothacker-Tank 13798 | -5/Factory | Garrison activated, responded to threat 13854 | -5/Factory | Build established: Bothacker-Mutant 13861 | -5/Factory | Identified exit to Garrison 13865 | -5/Factory | Entered Garrison 13887 | -5/Garrison | Lost 7 parts (1p4n1u1w) 13887 | -5/Garrison | Lost 6 allies 13891 | -5/Garrison | Triggered checkpoint 14021 | -5/Garrison | Triggered checkpoint 14078 | -5/Garrison | Spotted B-75 Beast 14081 | -5/Garrison | Triggered checkpoint 14086 | -5/Garrison | Triggered checkpoint 14124 | -5/Garrison | Lost 5 parts (1p1n1u2w) 14177 | -5/Garrison | Discovered new exit (range 19) 14189 | -5/Garrison | Triggered checkpoint 14262 | -5/Garrison | Expanded RIF knowledge: Structural Interface 14425 | -5/Garrison | Triggered checkpoint 14532 | -5/Garrison | Discovered new exit (range 14) 14599 | -5/Garrison | H-XX Assembler disabled 14635 | -5/Garrison | Found Prototype Device 14811 | -5/Garrison | Triggered checkpoint 14838 | -5/Garrison | Garrison Relay disabled 14865 | -5/Garrison | Triggered checkpoint 15144 | -5/Garrison | Build established: Botlord-Skirmisher 15172 | -5/Garrison | Spotted Striker 15183 | -5/Garrison | Destroyed Striker 15231 | -5/Garrison | Rewired Executioner 15234 | -5/Garrison | Rewired Executioner 15253 | -5/Garrison | Discovered new exit (range 11) 15278 | -5/Garrison | Garrison Relay disabled 15381 | -5/Garrison | Found Relay Coupler [Proto] 15389 | -5/Garrison | Lost 3 parts (1n1u1w) 15391 | -5/Garrison | Found Prototype Processor 15391 | -5/Garrison | Identified Exp. Core Analyzer 15398 | -5/Garrison | Found Prototype Processor 15398 | -5/Garrison | Identified Exp. Targeting Computer 15428 | -5/Garrison | Entered Factory 15428 | -4/Factory | Accompanied by 1 ally 15428 | -4/Factory | Evolved 2 slots: Utility x1, Weapon x1 15595 | -4/Factory | Identified exit to Garrison 15595 | -4/Factory | Entered Garrison 15595 | -4/Garrison | Accompanied by 1 ally 15697 | -4/Garrison | Build established: Botlord-Gunner 15714 | -4/Garrison | Triggered checkpoint 15753 | -4/Garrison | Garrison Relay disabled 15808 | -4/Garrison | Found embedded Infiltrators 15861 | -4/Garrison | Triggered checkpoint 15869 | -4/Garrison | Triggered checkpoint 15870 | -4/Garrison | Triggered checkpoint 15892 | -4/Garrison | Triggered checkpoint 15984 | -4/Garrison | Discovered new exit (range 15) 16016 | -4/Garrison | Expanded RIF knowledge: Alert ID Control 16059 | -4/Garrison | Triggered checkpoint 16080 | -4/Garrison | Garrison Relay disabled 16134 | -4/Garrison | Build established: Botlord-Skirmisher 16245 | -4/Garrison | Triggered checkpoint 16272 | -4/Garrison | Garrison Relay disabled 16341 | -4/Garrison | Discovered new exit (range 10) 16514 | -4/Garrison | Spotted B-75 Beast 16526 | -4/Garrison | Allies destroyed B-75 Beast 16552 | -4/Garrison | Rewired B-90 Cyclops 16558 | -4/Garrison | Rewired B-86 Titan 16657 | -4/Garrison | Garrison Relay disabled 16677 | -4/Garrison | Triggered checkpoint 16713 | -4/Garrison | Discovered new exit (range 2) 16780 | -4/Garrison | Entered Research 16780 | -3/Research | Accompanied by 6 allies 16780 | -3/Research | Evolved 2 slots: Utility x2 17059 | -3/Research | Discovered new exit (range 15) 17419 | -3/Research | Build established: Botlord-Tank 17572 | -3/Research | Found Gamma Bomb Array 17589 | -3/Research | Identified exit to Garrison 17594 | -3/Research | Entered Garrison 17594 | -3/Garrison | Accompanied by 5 allies 17626 | -3/Garrison | Garrison Relay disabled 17704 | -3/Garrison | Triggered checkpoint 17727 | -3/Garrison | Expanded RIF knowledge: Code Merge 17754 | -3/Garrison | Triggered checkpoint 17760 | -3/Garrison | Spotted B-86 Titan 17763 | -3/Garrison | Assimilated Titan 8a with formatsys_high 17772 | -3/Garrison | Triggered checkpoint 17775 | -3/Garrison | Triggered checkpoint 17814 | -3/Garrison | Triggered checkpoint 17841 | -3/Garrison | Lost 3 allies 17912 | -3/Garrison | Discovered new exit (range 16) 17982 | -3/Garrison | Triggered checkpoint 18028 | -3/Garrison | Garrison Relay disabled 18180 | -3/Garrison | H-XX Assembler disabled 18268 | -3/Garrison | Triggered checkpoint 18296 | -3/Garrison | Garrison Relay disabled 18529 | -3/Garrison | Triggered checkpoint 18529 | -3/Garrison | Garrison Relay disabled 18574 | -3/Garrison | Lost 3 allies 18752 | -3/Garrison | Triggered checkpoint 18808 | -3/Garrison | Garrison Relay disabled 18992 | -3/Garrison | Discovered new exit (range 12) 19110 | -3/Garrison | Build established: Botlord-Gunner 19112 | -3/Garrison | Entered Research 19112 | -3/Research | Accompanied by 8 allies 19186 | -3/Research | Spotted B-86 Titan 19202 | -3/Research | Destroyed B-86 Titan 19708 | -3/Research | Identified exit to Garrison 19716 | -3/Research | Entered Garrison 19716 | -3/Garrison | Accompanied by 6 allies 19783 | -3/Garrison | Expanded RIF knowledge: Signal Jamming 19946 | -3/Garrison | Lost 5 allies 20018 | -3/Garrison | Triggered checkpoint 20035 | -3/Garrison | Garrison Relay disabled 20108 | -3/Garrison | Triggered checkpoint 20220 | -3/Garrison | Triggered checkpoint 20256 | -3/Garrison | Discovered new exit (range 13) 20256 | -3/Garrison | Spotted B-75 Beast 20300 | -3/Garrison | Triggered checkpoint 20319 | -3/Garrison | Build established: Botlord-Skirmisher 20397 | -3/Garrison | Garrison Relay disabled 20523 | -3/Garrison | Triggered checkpoint 20550 | -3/Garrison | Triggered checkpoint 20592 | -3/Garrison | Discovered new exit (range 10) 20608 | -3/Garrison | Triggered checkpoint 20634 | -3/Garrison | Garrison Relay disabled 20806 | -3/Garrison | Triggered checkpoint 20806 | -3/Garrison | Assimilated Heavy ARC 8a with formatsys_deep 20831 | -3/Garrison | Garrison Relay disabled 21066 | -3/Garrison | Discovered new exit (range 12) 21133 | -3/Garrison | Entered Research 21133 | -2/Research | Accompanied by 14 allies 21133 | -2/Research | Evolved 2 slots: Utility x2 21233 | -2/Research | Lost 3 allies 21407 | -2/Research | Discovered new exit (range 6) 21440 | -2/Research | Build established: Botlord-Tank 21456 | -2/Research | Identified exit to Access 21457 | -2/Research | Entered Access 21457 | -1/Access | Accompanied by 10 allies 21457 | -1/Access | Evolved 2 slots: Utility x2 21751 | -1/Access | Assimilated ARC 10a with formatsys_deep 21888 | -1/Access | Unchained authorized (DW-4LL) 22018 | -1/Access | Discovered new exit (range 3) 22054 | -1/Access | Lost 7 allies 22217 | -1/Access | Identified exit to Surface 22240 | -1/Access | System corruption reached 10% 22243 | *** | Escaped! Last Messages --------------- jammed. 22223_ U-05 Engineer distress signal jammed. 22223_ W-44 Eye distress signal jammed. 22224_ System corrupted: Component data lost. 22224_ W-44 Eye distress signal jammed. 22225_ P-80 Master knocked back. 22225_ W-44 Eye distress signal jammed. 22229_ Destroyed Imp. Antigrav System. 22229_ P-80 Master destroyed. 22229_ W-44 Eye distress signal jammed. 22234_ R-10 Processor collects Imp. Antigrav System. 22234_ W-44 Eye distress signal jammed. 22236_ Destroyed Imp. Antigrav System. 22236_ P-80 Master knocked back. 22236_ W-44 Eye distress signal jammed. 22239_ P-80 Master suffers critical hit (Blast). 22239_ Destroyed Imp. Antigrav System. 22239_ P-80 Master knocked back. 22242_ Imp. Quantum Reactor destroyed. Map ----- +----------------------------------------------------+ | # ???????????????????????????? | | # ???????????????????????????? | | + ???????????????????????????? | | # ???????????????????????????? | | ########### # ?????????????????????????????? | | # # # ?????????????????????????????? | | # = # # ! ???????????????????????????? | | # " + # ???????????????????????????? | | #?"" # ##########?????????????????????????? | | # ?"" # ??????????????????????????? | | # " # ??????????????????????????? | | # * # ??????????????????????????? | | # # ??????????????????????????? | | ########### %###########?????????????????????????? | | ??????????#% #???????????????????????????????????? | | ??????????# #???????????????????????????????????? | | ??????????#!!#???????????????????????????????????? | | ??????????# =#???????????????????????????????????? | | ??????????# =####????????????????????????????????? | | ?????????## # ####"######??????????????????????? | | ?????????# """" ???????????????????????? | | ?????????#; """" ??????????BB????????????? | | ?????????#; % % " """"""??????BB????????????? | | ?????????#;% % " " "????????????????????? | | ?????????#; % " "" "????????????????????? | | ?????????## % @" "????????????????????? | | ??????????# p "????????????????????? | | ??#; %" """""??????BB????????????? | | ??## R !" ?????????BB????????????? | | "?##%R " ????????????????????? | | ""##% #######"#########???????????????????? | | ""## #???????????????????????????????????? | | ""## #???????????????????????????????????? | | "## #???????????????????????????????????? | | ## #???????????????????????????????????? | | ##%w#???????????????????????????????????? | | #######+### ###############?????????????????????? | | #?????????????????????? | | #????????Y????????????? | | #######+########+######## #??????????????????#### | | ?# # ?????????????????????????? | | ## ???????????????????????????????? ?"" | | + ???????????????????????????????? | | ## ???????????????????????????????? | | ?# ???????????????????????????????? | | ?# ???????????????????????????????? | | ?# ??????????????????????????????? ? | | ?# ?????????????????????????????????" | | ?# ?????????????????????????????? ?"" | | ?# ?????????????????????????????? " | +----------------------------------------------------+ Best States ------------- Heat Dissipation 91 Energy Generation 29 Energy Capacity 350 Matter Stores 300 Matter Capacity 300 Sight Range 23 Terrain Scan Density 10 Armor Coverage 825 Evasion (%) 40 Targeting Accuracy 12 Recoil Reduction 6 Kinecelleration 30 Relay Coupler Types 8 Relay Coupler Value 200 Authchip Count 2 Item Schematics ----------------- Arm. Huge Wheel | -7/Factory | Hacked Robot Schematics ------------------ S-27 Virus | -7/Factory | Hacked Fabricated ------------ S-27 Virus | x4 | -6/Factory | Authchip Repaired ---------- Nothing Studied --------- Lgt. Treads | -9/Materials | Hacked Arm. Wheel | -6/Factory | Hacked Alien Tech Used ----------------- None Achievements -------------- Analysis Probe Deep Understanding Hack The Planet Hackathon Hackerman Into The Breach Join The Dark Side Let Me Out Of Here Mindtrick Not Today, Chutes Official Business Oppo Buddy Satisfying The Better Part Of Valor Versatile Watcher Gambling You Will Be Upgraded Challenges ------------ None Game ------ Seed PlasmaSubdwellerStrikerail Manual? 0 Play Time 04:25:56 Cumulative 325.7 hours Start 2026.01.13 @ 12:38:33 End 2026.01.14 @ 00:35:24 Sessions 3 Manual Loads 0 Difficulty Rogue Special Mode None Game No. 113 Rogue 112 Adventurer 1 Explorer 0 Win Type 0 Total 11 Types 10/0/1/0/0/0/0/0/0/0 Lore% 75 Gallery% 73 Achievement% 47 Wizard Run 0 Options --------- Layout 2 ASCII 1 Keyboard 0 Movement Mouse Keybinds 0 Fullscreen 1 Font 16/TerminusCaps Map View 50x49 Zoom Use 0% Tactical HUD 1 Map Filters NONE Filters NONE Steam SD RUN: 14cbc22f-ace8-4595-af1a-a236abc09c65